 Dungeon Crawl Stone Soup version 0.25-a0-860-gf695395b5c (webtiles) character file.

Game seed: 3016499725891060222, levelgen mode: deterministic

180043 Flugkiller the Warrior (level 18, -17/193 HPs)
             Began as an Ogre Skald on Apr 26, 2020.
             Was a Follower of Uskayaw.
             Shot with a bolt by a naga sharpshooter (22 damage)
             ... on level 3 of the Snake Pit on Apr 27, 2020.
             The game lasted 01:25:32 (40704 turns).

Flugkiller the Warrior (Ogre Skald)                Turns: 40704, Time: 01:25:33

Health: -17/193    AC:  5    Str: 23    XL:     18   Next: 25%
Magic:  29/39      EV: 17    Int: 17    God:    Uskayaw [*.....]
Gold:   2402       SH:  0    Dex: 11    Spells: 12/33 levels left

rFire    . . .     SeeInvis .   z - +3 eveningstar (drain)
rCold    . . .     Gourm    .   (no shield)
rNeg     . . .     Faith    .   i - +2 robe {MR+}
rPois    +         Spirit   .   (helmet restricted)
rElec    .         Reflect  .   U - scarf {repulsion}
rCorr    .         Harm     .   (gloves unavailable)
MR       +++..                  (boots unavailable)
Stlth    +.........             f - amulet of the acrobat
HPRegen  0.42/turn              b - +3 ring of evasion
MPRegen  0.26/turn              L - ring "Sineonih" {rPois MP+9 Str+3}

@: very slightly contaminated, repel missiles
A: large, unfitting armour, deterioration 1, magic resistance 1, tough skin 1
a: Stomp, Renounce Religion


You were on level 3 of the Snake Pit.
You worshipped Uskayaw.
Uskayaw was aware of your devotion.
You were hungry.

You visited 5 branches of the dungeon, and saw 27 of its levels.
You also visited: Bailey.

You collected 2596 gold pieces.
You spent 194 gold pieces at shops.

Inventory:

Hand Weapons
 x - the +8 mace "Zurin" {speed, rPois rF+ Int+2 SInv}
   (You found it on level 6 of the Lair of Beasts)

   Attacks with this weapon are significantly faster.
   It affects your intelligence (+2).
   It protects you from fire.
   It protects you from poison.
   It lets you see invisible.
 z - a +3 eveningstar of draining (weapon)
   (You took it off Louise on level 15 of the Dungeon)
 F - a +5 giant club of protection
   (You took it off an ogre on level 6 of the Dungeon)
Missiles
 u - 4 throwing nets (quivered)
Armour
 e - +0 swamp dragon scales
   (You took it off Maggie on level 7 of the Dungeon)
 i - a +2 robe of magic resistance (worn)
   (You took it off an orc wizard on level 1 of the Orcish Mines)
 U - a scarf of repulsion (worn)
   (You found it on level 10 of the Dungeon)
Jewellery
 a - an uncursed ring of fire
   (You found it on level 12 of the Dungeon)
 b - a +3 ring of evasion (left hand)
   (You took it off a salamander on level 1 of the Snake Pit)
 f - an amulet of the acrobat (around neck)
   (You found it on level 1 of the Dungeon)
 l - a +3 ring of dexterity
   (You found it on level 2 of the Dungeon)
 p - an uncursed ring of ice
   (You found it on level 2 of the Dungeon)
 C - an uncursed ring of wizardry
   (You found it on level 6 of the Lair of Beasts)
 L - the ring "Sineonih" (right hand) {rPois MP+9 Str+3}
   (You found it on level 11 of the Dungeon)

   [ring of magical power]

   It affects your strength (+3).
   It protects you from poison.
   It affects your magic capacity (+9).
Wands
 n - a wand of scattershot (5)
   (You found it on level 2 of the Snake Pit)
 y - a wand of iceblast (34)
   (You found it on level 5 of the Dungeon)
 H - a wand of digging (12)
   (You took it off an orc on level 7 of the Dungeon)
 P - a wand of paralysis (4)
   (You found it on level 1 of the Lair of Beasts)
Scrolls
 g - 13 scrolls of enchant armour
 h - a scroll of fog
 j - 13 scrolls of teleportation
 m - 7 scrolls of amnesia
 s - 4 scrolls of magic mapping
 t - a scroll of silence
 A - a scroll of vulnerability
 V - 6 scrolls of summoning
 X - 10 scrolls of remove curse
Potions
 c - 16 potions of curing
 k - 2 potions of ambrosia
 o - 3 potions of lignification
 q - a potion of magic {unknown}
 v - a potion of berserk rage {unknown}
 w - 4 potions of invisibility
 D - 3 potions of cancellation
 E - 3 potions of haste
 I - 3 potions of might
 K - 3 potions of brilliance
 O - 3 potions of flight
 Q - 3 potions of resistance
 S - 8 potions of stabbing
Miscellaneous
 B - a phial of floods (inert)
   (You found it on level 9 of the Dungeon)
 R - a tin of tremorstones
Comestibles
 d - 28 rations
 r - 3 chunks of flesh


   Skills:
 - Level 15.0 Fighting
   Level 1.8 Short Blades
 - Level 12.4 Maces & Flails
 - Level 9.0 Dodging
 - Level 8.0 Spellcasting
 - Level 8.0 Hexes
 - Level 6.0 Charms
 + Level 10.2 Transmutations
 - Level 7.0 Ice Magic
 + Level 10.2 Earth Magic
 - Level 11.9 Invocations
 - Level 4.0 Evocations


You had 12 spell levels left.
You knew the following spells:

 Your Spells              Type           Power        Failure   Level  Hunger
a - Infusion              Chrm           ####         1%          1    None
b - Shroud of Golubria    Chrm/Tloc      ###...       4%          2    None
c - Ozocubu's Armour      Chrm/Ice       ####....     2%          3    #......
d - Spectral Weapon       Hex/Chrm       ####....     1%          3    #......
e - Confusing Touch       Hex            ####....     1%          3    #......
f - Frozen Ramparts       Ice            ####..       1%          3    #......
g - Statue Form           Tmut/Erth      #####....    24%         6    ######.

Your spell library contained the following spells:

 Spells                   Type           Power        Failure   Level  Hunger
 Beastly Appendage        Tmut           #####.       1%          1    None
 Freeze                   Ice            ####         1%          1    None
 Song of Slaying          Chrm           ####....     1%          2    None
 Sticks to Snakes         Tmut           #####...     1%          2    None
 Petrify                  Tmut/Erth      #####...     1%          4    ###....
 Leda's Liquefaction      Hex/Erth       #####.....   2%          4    ###....
 Spider Form              Tmut/Pois      ###.......   3%          3    #......
 Stone Arrow              Conj/Erth      ###...       3%          3    #......
 Cause Fear               Hex            ####......   3%          4    ###....
 Ice Form                 Ice/Tmut       #####...     3%          4    ###....
 Blade Hands              Tmut           #####.....   4%          5    #####..
 Yara's Violent Unravell  Hex/Tmut       #####.....   7%          5    #####..
 Metabolic Englaciation   Hex/Ice        ####......   13%         5    #####..
 Corpse Rot               Necr/Air       N/A          16%         2    None
 Hailstorm                Conj/Ice       ###.....     24%         4    ###....
 Summon Ice Beast         Ice/Summ       ###.....     24%         4    ###....
 Hydra Form               Tmut           #####.....   24%         6    ######.
 Gell's Gravitas          Tloc           #.........   30%         3    #......
 Silence                  Hex/Air        ###.......   50%         5    #####..
 Bolt of Magma            Conj/Fire/Erth ###.......   58%         5    #####..
 Eringya's Noxious Bog    Tmut/Pois      ###.......   89%         6    ######.
 Iron Shot                Conj/Erth      ###.......   89%         6    ######.
 Summon Forest            Summ/Tloc      #.........   96%         5    #####..
 Summon Hydra             Summ           #.........   100%        7    #######
 Discord                  Hex            ####......   100%        8    #######
 Shatter                  Erth           #####.....   100%        9    #######


Dungeon Overview and Level Annotations

Branches:
Dungeon (15/15)            Temple (1/1) D:7            Lair (6/6) D:10
 Shoals (0/4) Lair:4        Snake (3/4) Lair:2        Slime (0/5) Lair:6
    Orc (2/2) D:10            Elf (0/3) Orc:2        Vaults (0/5) D:14
 Depths (0/5) D:15         Bailey (visited)

Altars:
Ashenzari
Cheibriados
Dithmenos
Elyvilon
Fedhas
Gozag
Hepliaklqana
Kikubaaqudgha
Makhleb
Nemelex Xobeh
Okawaru
Qazlal
Ru
Sif Muna
Trog
Uskayaw
Vehumet
Wu Jian
Xom
Yredelemnul
Zin
The Shining One
Beogh
Jiyva

Shops:
D:10 *   Orc:2 }*(:[   Snake:1 }(

Portals:
Trove: D:15 (give +2 shadow dragon scales)

Annotations:
D:7 exclusion: 2 doors
Snake:3 Roxanne, Vashnia


Innate Abilities, Weirdness & Mutations

You are too large for most types of armour.
You have tough skin. (AC +1)
Your body sometimes deteriorates upon taking damage.
You are resistant to hostile enchantments. (MR+)


Message History

The splash of poison is repelled.
The splash of poison hits your naga mage.
The naga sharpshooter shoots a bolt.
The bolt hits you!
* * * LOW HITPOINT WARNING * * *
Your black mamba closely misses the naga sharpshooter.
Your salamander mystic hits the naga sharpshooter with a +0 dagger.
The naga sharpshooter is engulfed in flames!
Your salamander hits the naga sharpshooter with a +3 trident of pain.
The naga sharpshooter is engulfed in flames!
The naga sharpshooter writhes in agony.
Your salamander shoots an arrow.
The arrow hits Vashnia!
The arrow burns Vashnia.
The arrow dissolves into shadows!
Your naga mage mumbles some strange words.
Your naga mage seems to speed up.
The naga sharpshooter unwields a +0 flail.
The naga sharpshooter wields a +0 arbalest.
The naga sharpshooter mumbles some strange words.
The naga sharpshooter magically shoots a bolt.
The bolt hits you!
* * * LOW HITPOINT WARNING * * *
Vashnia shoots an arrow.
The arrow misses you.
The naga sharpshooter mumbles some strange words.
The naga sharpshooter magically shoots a bolt.
The bolt hits you!
* * * LOW HITPOINT WARNING * * *
The naga sharpshooter shoots a bolt.
The bolt hits you!!
* * * LOW HITPOINT WARNING * * *
Unknown command.
Okay, then.
Casting: Spectral Weapon (safe; 1% risk of failure)
Confirm with . or Enter, or press ? or * to list all spells.
You miscast Statue Form.
You are very lightly contaminated with residual magic.
The floor shifts beneath you alarmingly.
* * * LOW HITPOINT WARNING * * *
Your black mamba bites the naga sharpshooter!
The naga sharpshooter hits you from afar with a +0 halberd!
* * * LOW HITPOINT WARNING * * *
Your salamander mystic hits the naga sharpshooter with a +0 dagger.
The naga sharpshooter is engulfed in flames!
Your black mamba bites the naga sharpshooter.
The naga sharpshooter shoots a bolt.
The bolt hits your salamander mystic!
Your salamander hits the naga sharpshooter with a +3 trident of pain.
The naga sharpshooter is engulfed in flames!
Your salamander shoots an arrow.
The arrow hits Vashnia!
The arrow burns Vashnia.
The arrow dissolves into shadows!
The naga sharpshooter casts a spell.
The naga sharpshooter magically shoots a bolt.
The bolt hits you!!
You die...

.........
#......).............
.<.......
#....................
.........
#....................
....N..N..
#..........).........
.###.......
########...)....##### .
........########.((.....###
.
..........N....(.รท.........
.
.....(..NN{.(..............
.
.N....N.NN@N....(..........
.....NNS................
....NN..((..(...........
########################


You could see Vashnia, 6 naga sharpshooters, a friendly salamander mystic, 2
friendly salamanders, a friendly black mamba, a friendly naga mage and a
friendly spectral +3 eveningstar of draining.

Vanquished Creatures
  Jorgrun (D:14)
  Rupert (Lair:6)
  Kirke (D:15)
  3 nagarajas
  An orc warlord (Orc:1)
  Louise (D:15)
  Aizul (Snake:3)
  A dire elephant (D:15)
  Fannar (D:10)
  4 vault guards (D:14)
  9 hydras
  Erica (D:11)
  Harold (D:7)
  4 catoblepae
  A centaur warrior (D:14)
  8 naga warriors
  6 two-headed ogres
  A tengu warrior (D:14)
  6 anacondas
  5 death yaks (Lair:6)
  Urug (Lair:3)
  4 shock serpents
  2 orc high priests
  Nergalle (D:10)
  Sonja (Orc:1)
  11 naga sharpshooters
  3 salamander mystics
  5 unseen horrors
  3 naga ritualists
  4 mana vipers
  6 ugly things
  2 orc sorcerers
  A wolf spider zombie (D:15)
  6 cyclopes
  A wolf spider (D:15)
  11 salamanders
  6 orc knights
  3 manticores
  6 elephants
  25 black mambas
  3 centaur zombies (D:12)
  8 naga magi
  3 guardian serpents
  12 spiny frogs
  2 kobold demonologists
  Maggie (D:7)
  4 rime drakes
  A redback zombie (D:15)
  A freezing wraith (D:15)
  6 komodo dragons
  An efreet (D:12)
  Prince Ribbit (D:7)
  6 trolls
  2 hornets
  2 polar bears (Lair:1)
  A troll (shapeshifter) (D:12)
  5 slime creatures (D:15)
  12 blink frogs
  12 hippogriffs
  2 shadows (D:13)
  A wraith (D:12)
  2 wyverns
  56 yaks
  3 basilisks
  A basilisk (shapeshifter) (D:13)
  8 hogs
  A human (D:7)
  4 vampire mosquitoes (D:14)
  4 wargs
  24 nagas
  An acid dragon (D:11)
  A soldier ant (D:14)
  14 water moccasins
  6 porcupines
  Duvessa (D:4)
  47 orc warriors
  A black bear (D:11)
  3 ice beasts
  A hornet zombie (D:10)
  A phantom (D:8)
  2 sky beasts
  11 ogres
  7 wolves
  An eye of draining (D:12)
  10 centaurs
  Blork the orc (Orc:1)
  12 crocodiles
  A gnoll sergeant (D:10)
  2 big kobolds
  20 bullfrogs
  Dowan (D:4)
  A wyvern skeleton (D:6)
  3 scorpions
  6 killer bees
  4 howler monkeys
  14 wights
  8 crimson imps
  7 hounds
  3 jellies
  3 bullfrog zombies
  26 orc priests
  A bullfrog skeleton (D:4)
  4 centaur skeletons
  20 orc wizards
  An iguana (D:6)
  12 worker ants
  12 hell rats
  A hound skeleton (D:4)
  A worker ant zombie (D:7)
  7 gnolls
  A howler monkey skeleton (D:7)
  14 adders
  4 shadow imps
  3 worms
  2 dart slugs (D:2)
  5 leopard geckos
  122 orcs
  4 bats
  9 giant cockroaches
  14 goblins
  7 hobgoblins
  7 jackals
  18 kobolds
  A quokka (D:5)
  2 ball pythons
  5 frilled lizards
  A leopard gecko skeleton (D:8)
  A quokka zombie (D:5)
  5 rats
  2 plants
853 creatures vanquished.

Vanquished Creatures (others)
  3 humans (D:15)
  An orc priest (Orc:1)
  An orc wizard (Orc:1)
  2 orcs (Orc:1)
  A bush (Lair:6)
  17 fungi
  16 plants
  29 spectral weapons
70 creatures vanquished.

Grand Total: 923 creatures vanquished

Notes
Turn   | Place    | Note
-------+----------+-------------------------------------------
     0 | D:1      | Flugkiller the Ogre Skald began the quest for the Orb.
     0 | D:1      | Reached XP level 1. HP: 22/22 MP: 3/3
    41 | D:1      | Reached skill level 3 in Fighting
   328 | D:1      | Reached XP level 2. HP: 32/32 MP: 1/5
   623 | D:1      | Reached skill level 4 in Fighting
   839 | D:1      | Reached XP level 3. HP: 25/40 MP: 4/6
   959 | D:1      | Learned a level 2 spell: Shroud of Golubria
   963 | D:1      | Learned a level 3 spell: Spectral Weapon
  1525 | D:2      | Reached skill level 1 in Hexes
  1860 | D:2      | Reached XP level 4. HP: 43/49 MP: 7/7
  2051 | D:2      | Found a blossoming altar of Fedhas.
  2054 | D:2      | Found a radiant altar of Vehumet.
  2064 | D:2      | Found a stormy altar of Qazlal.
  3040 | D:3      | Reached XP level 5. HP: 48/55 MP: 3/8
  3353 | D:4      | Noticed Duvessa
  3354 | D:4      | Noticed Dowan
  3355 | D:4      | omfg
  3634 | D:4      | Reached XP level 6. HP: 48/63 MP: 7/9
  4252 | D:3      | Learned a level 3 spell: Ozocubu's Armour
  4269 | D:5      | Entered Level 5 of the Dungeon
  4281 | D:5      | Reached skill level 5 in Fighting
  4601 | D:5      | Reached XP level 7. HP: 62/74 MP: 4/11
  4710 | D:5      | Reached skill level 6 in Fighting
  4953 | D:5      | Reached skill level 7 in Fighting
  4991 | D:5      | Found an iron altar of Okawaru.
  5596 | D:5      | Reached skill level 8 in Fighting
  5923 | D:6      | Reached skill level 9 in Fighting
  5923 | D:6      | Reached XP level 8. HP: 89/92 MP: 5/12
  6012 | D:6      | Found an ornate altar of the Wu Jian Council.
  6394 | D:6      | Reached skill level 10 in Fighting
  6728 | D:7      | Noticed a hornet
  6732 | D:7      | Paralysed by a hornet for 1 turns
  6736 | D:7      | Killed a hornet
  6736 | D:7      | Reached skill level 1 in Evocations
  6905 | D:7      | Found a staircase to the Ecumenical Temple.
  6913 | D:7      | Noticed Prince Ribbit
  6933 | D:7      | come here idiot
  6948 | D:7      | Killed Prince Ribbit
  7029 | Temple   | Entered the Ecumenical Temple
  7140 | Temple   | Became a worshipper of Uskayaw the Reveler
  7193 | D:7      | Reached skill level 1 in Invocations
  7193 | D:7      | Reached XP level 9. HP: 99/101 MP: 6/15
  7193 | D:7      | Reached * piety under Uskayaw
  7292 | D:7      | Found a snail-covered altar of Cheibriados.
  7360 | D:7      | Noticed Harold
  7369 | D:7      | Reached ** piety under Uskayaw
  7372 | D:7      | Killed Harold
  7768 | D:7      | Reached skill level 5 in Dodging
  7792 | D:7      | Noticed Maggie
  7793 | D:7      | are. you. kidding. me
  7919 | D:7      | Killed Maggie
  7919 | D:7      | Reached skill level 5 in Invocations
  7919 | D:7      | Reached *** piety under Uskayaw
  7948 | D:7      | Learned a level 3 spell: Confusing Touch
  7994 | D:7      | Found a shadowy altar of Dithmenos.
  8208 | D:7      | Reached skill level 5 in Hexes
  8214 | D:7      | Reached **** piety under Uskayaw
  8215 | D:7      | Reached XP level 10. HP: 54/110 MP: 8/16
  8500 | D:7      | Found a shattered altar of Ashenzari.
  8981 | D:8      | Paralysed by a hornet for 2 turns
  8995 | D:8      | Reached skill level 1 in Short Blades
  9216 | D:8      | Gained mutation: You are somewhat resistant to further
                  | mutation. [potion of mutation]
  9216 | D:8      | Gained mutation: Your spells are a little harder to cast,
                  | but a little more powerful. [potion of mutation]
  9216 | D:8      | Gained mutation: You are frail. (-10% HP) [potion of
                  | mutation]
  9217 | D:8      | Lost mutation: You are frail. (-10% HP) [potion of
                  | mutation]
  9217 | D:8      | Lost mutation: You are somewhat resistant to further
                  | mutation. [potion of mutation]
  9217 | D:8      | Gained mutation: Your muscles are strong. (Str +2) [potion
                  | of mutation]
  9217 | D:8      | Gained mutation: You are partially covered in thin metallic
                  | scales. (AC +2) [potion of mutation]
  9217 | D:8      | Gained mutation: You have sharp toenails. [potion of
                  | mutation]
  9239 | D:8      | Got a crystal mace
  9242 | D:8      | Identified the +11 mace "Lusenidghe" {freeze, *Contam rF+
                  | SInv} (You found it on level 8 of the Dungeon)
 10042 | D:9      | Noticed a two-headed ogre
 10471 | D:9      | Killed a two-headed ogre
 10471 | D:9      | Reached skill level 5 in Maces & Flails
 10663 | D:9      | Found a sacrificial altar of Ru.
 10681 | D:9      | Noticed a two-headed ogre
 10687 | D:9      | Killed a two-headed ogre
 10782 | D:9      | Reached XP level 11. HP: 66/117 MP: 17/17
 11080 | D:10     | Entered Level 10 of the Dungeon
 11266 | D:10     | Found Duosoz's Assorted Antiques.
 11277 | D:10     | Bought an encrusted brass wand for 96 gold pieces
 11277 | D:10     | Bought a ruby potion for 21 gold pieces
 11277 | D:10     | Bought a ruby potion for 21 gold pieces
 11277 | D:10     | Bought a bubbling black potion for 21 gold pieces
 11544 | D:10     | Noticed an orc knight
 11552 | D:10     | Found a roughly hewn altar of Beogh.
 11552 | D:10     | Found a staircase to the Orcish Mines.
 11930 | D:10     | Killed an orc knight
 12063 | D:10     | Found a staircase to the Lair.
 12550 | Lair:1   | Entered Level 1 of the Lair of Beasts
 13336 | Lair:1   | Reached skill level 10 in Maces & Flails
 13939 | Lair:2   | Found a staircase to the Snake Pit.
 14010 | Lair:2   | Reached XP level 12. HP: 19/126 MP: 12/18
 15022 | Lair:2   | Upgraded the game from 0.25-a0-857-g60a0bcd8b5 to
                  | 0.25-a0-860-gf695395b5c
 15266 | Lair:3   | Noticed a five-headed hydra
 15333 | Lair:3   | Noticed Urug
 15378 | Lair:3   | Killed Urug
 15878 | Lair:3   | Killed a five-headed hydra
 16080 | Lair:3   | Noticed an eight-headed hydra
 16109 | Lair:3   | Killed an eight-headed hydra
 16600 | Lair:4   | Found a staircase to the Shoals.
 16622 | Lair:4   | Reached ***** piety under Uskayaw
 16834 | Lair:4   | Reached skill level 5 in Spellcasting
 17737 | Lair:5   | Reached XP level 13. HP: 133/133 MP: 20/20
 17926 | Lair:5   | Reached XP level 14. HP: 132/143 MP: 17/21
 18647 | Lair:5   | Reached skill level 10 in Invocations
 18819 | Lair:6   | Entered Level 6 of the Lair of Beasts
 18831 | Lair:6   | Learned a level 3 spell: Frozen Ramparts
 18853 | Lair:6   | Reached skill level 1 in Ice Magic
 18901 | Lair:6   | Reached skill level 5 in Charms
 19372 | Lair:6   | Got a translucent mace
 19814 | Lair:6   | Reached skill level 5 in Ice Magic
 20139 | Lair:6   | Found a viscous altar of Jiyva.
 20140 | Lair:6   | Found a staircase to the Slime Pits.
 20211 | Lair:6   | Identified the +8 mace "Zurin" {speed, rPois rF+ Int+2
                  | SInv} (You found it on level 6 of the Lair of Beasts)
 20254 | Lair:6   | Gained mutation: You are frail. (-10% HP) [mutagenic glow]
 20459 | Lair:6   | Lost mutation: Your muscles are strong. (Str +2) [potion of
                  | mutation]
 20459 | Lair:6   | Lost mutation: Your spells are a little harder to cast, but
                  | a little more powerful. [potion of mutation]
 20459 | Lair:6   | Lost mutation: You are frail. (-10% HP) [potion of
                  | mutation]
 20459 | Lair:6   | Lost mutation: You have sharp toenails. [potion of
                  | mutation]
 20459 | Lair:6   | Gained mutation: Your body sometimes deteriorates upon
                  | taking damage. [potion of mutation]
 20459 | Lair:6   | Gained mutation: You have a pair of small antennae on your
                  | head. [potion of mutation]
 20783 | Lair:6   | Lost mutation: Your body sometimes deteriorates upon taking
                  | damage. [potion of mutation]
 20783 | Lair:6   | Lost mutation: You have a pair of small antennae on your
                  | head. [potion of mutation]
 20783 | Lair:6   | Lost mutation: You are partially covered in thin metallic
                  | scales. (AC +2) [potion of mutation]
 20783 | Lair:6   | Gained mutation: Your body sometimes deteriorates upon
                  | taking damage. [potion of mutation]
 20783 | Lair:6   | Gained mutation: You are resistant to hostile enchantments.
                  | (MR+) [potion of mutation]
 21184 | Lair:6   | Reached skill level 11 in Fighting
 21370 | Lair:6   | Noticed Rupert
 21386 | Lair:6   | Paralysed by Rupert for 4 turns
 21397 | Lair:6   | Killed Rupert
 21397 | Lair:6   | Reached skill level 12 in Fighting
 21552 | Lair:6   | Reached XP level 15. HP: 106/158 MP: 22/22
 22052 | D:11     | Got a pitted lapis lazuli ring
 22119 | D:11     | Reached skill level 13 in Fighting
 22195 | D:11     | Noticed Erica
 22217 | D:11     | Killed Erica
 22262 | D:11     | Found a flagged portal.
 22268 | Bailey   | Entered a bailey
 22476 | Bailey   | Reached XP level 16. HP: 170/170 MP: 24/24
 23001 | D:11     | Reached skill level 14 in Fighting
 23129 | D:11     | Identified the ring "Sineonih" {rPois MP+9 Str+3} (You
                  | found it on level 11 of the Dungeon)
 23512 | D:12     | Reached ****** piety under Uskayaw
 24006 | D:12     | Reached skill level 15 in Fighting
 25041 | D:13     | Learned a level 6 spell: Statue Form
 25377 | D:4      | Got a bloodstained robe
 25418 | D:5      | Identified the cursed +1 robe "Pabir" {rF+ SInv} (You found
                  | it on level 4 of the Dungeon)
 25492 | D:4      | Killed Duvessa
 25499 | D:4      | Killed Dowan
 26281 | D:14     | Reached skill level 1 in Earth Magic
 26292 | D:14     | Reached skill level 1 in Transmutations
 27436 | D:14     | Noticed Jorgrun
 27545 | D:14     | Killed Jorgrun
 27698 | D:14     | Found a gate to the Vaults.
 27978 | D:15     | Entered Level 15 of the Dungeon
 28043 | D:15     | Noticed Kirke
 28059 | D:15     | Killed Kirke
 29140 | D:15     | Found a portal to a secret trove of treasure.
 29166 | D:15     | Noticed Louise
 29194 | D:15     | Killed Louise
 29933 | D:15     | Reached XP level 17. HP: 173/184 MP: 28/28
 30096 | D:15     | Reached skill level 5 in Transmutations
 30096 | D:15     | Reached skill level 5 in Earth Magic
 30419 | D:15     | Found a staircase to the Depths.
 30575 | Orc:1    | Entered Level 1 of the Orcish Mines
 30578 | Orc:1    | Noticed Nergalle
 30599 | D:10     | Killed Nergalle
 31247 | Orc:1    | Noticed Fannar
 31401 | Orc:1    | Noticed Sonja
 31406 | Orc:1    | Killed Sonja
 31414 | D:10     | Killed Fannar
 31717 | Orc:1    | Found a roughly hewn altar of Beogh.
 31942 | Orc:2    | Entered Level 2 of the Orcish Mines
 32577 | Orc:2    | Noticed Blork the orc
 32610 | Orc:1    | Killed Blork the orc
 33138 | Orc:2    | Found a roughly hewn altar of Beogh.
 33593 | Orc:2    | Found Natuj's Book Shop.
 33609 | Orc:2    | Found Xilit's General Store.
 33616 | Orc:2    | Bought a scroll of magic mapping for 35 gold pieces
 33665 | Orc:2    | Found Deonkir's Gadget Emporium.
 33747 | Orc:2    | Found Atabbiq's Antique Weapon Shop.
 33808 | Orc:2    | Found a staircase to the Elven Halls.
 33982 | Orc:2    | Found Mupt's Antique Armour Shop.
 34145 | Snake:1  | Entered Level 1 of the Snake Pit
 35306 | Snake:1  | Found a stormy altar of Qazlal.
 35487 | Snake:1  | Found Xoing's Antique Weapon Shoppe.
 35492 | Snake:1  | Found Iguc Jism's Gadget Shoppe.
 35831 | Snake:1  | Found an opulent altar of Gozag.
 36067 | Snake:1  | Found a shimmering altar of Xom.
 38509 | Snake:2  | Identified the +2 robe "Urudenau" {MR+}
 39048 | Snake:2  | Reached XP level 18. HP: 53/193 MP: 30/30
 39696 | Snake:3  | Identified Roxanne's Incunabulum of Transmutation
 39696 | Snake:3  | Noticed Roxanne
 39712 | Snake:3  | Noticed Aizul
 39734 | Snake:3  | Killed Aizul
 40312 | Snake:3  | Reached skill level 10 in Transmutations
 40461 | Snake:3  | Reached skill level 10 in Earth Magic
 40695 | Snake:3  | Noticed Vashnia
 40704 | Snake:3  | HP: 5/193 [naga sharpshooter/+0 halberd[Vashnia] (10)]
 40704 | Snake:3  | Shot with a bolt by a naga sharpshooter

Levels and vault maps discovered:
D:1:      tarquinn_simple_flora_water_c, layout_loops_cross
D:2:      layout_basic, chequers_temple_overflow_statue_of_worship
D:3:      minmay_wonky_spiral, layout_basic, first_ration, minmay_unequal
D:4:      layout_rooms, chequers_serial_rivers_micro_d, mrwooster_statue_mirror,
          uniq_duvessa
D:5:      layout_basic, okawaru_gym_becter
D:6:      layout_basic, basic_altar
D:7:      layout_basic, slow_altar_1, old_standard_altar,
          minmay_temple_entry_overgrown, kennysheep_flooded_box,
          grunt_livestock, uniq_prince_ribbit1, uniq_maggie, uniq_harold
D:8:      layout_loops_ring
D:9:      layout_loops_ring, lemuel_round_altar
D:10:     layout_loops_ring, dpeg_oklobed_lair, david_orc_5, serial_shops, shop
D:11:     layout_loops_ring, enter_bailey_3, uniq_erica
D:12:     layout_basic
D:13:     layout_roguey
D:14:     layout_cave_pools, lightli_vaults_fourway_checkpoint,
          minmay_misc_feat_square, roderic_lattice_a, uniq_jorgrun
D:15:     hangedman_depths_entry_try_elsewhere_first, layout_loops_corners,
          chequers_mini_garden, nicolae_trove_entry_crossroad, uniq_louise,
          uniq_kirke
Temple:   regret_index_temple_sphere_string
Lair:1:   layout_long_grid, cheibrodos_lair_lostbears
Lair:2:   layout_gridlike, guppyfry_snake_entry_garden, enter_volcano_1,
          lemuel_fruit_tree
Lair:3:   layout_chaotic_city, uniq_urug
Lair:4:   layout_cave_shapes, minmay_shoals_entry_centaurs
Lair:5:   layout_regular_city
Lair:6:   evilmike_catoblepas_cave, layout_regular_city,
          dpeg_slime_entry_enclosed_altar, grunt_megastairs_5, uniq_rupert
Snake:1:  layout_grid_shapes, basic_altar, st_stairs_4,
          hangedman_feature_mirror, minmay_shop_star
Snake:2:  layout_grid_shapes
Snake:3:  layout_grid_maze, drop_trap, uniq_aizul, uniq_vashnia, uniq_roxanne
Orc:1:    layout_caves, basic_altar, uniq_fannar, uniq_nergalle, uniq_sonja
Orc:2:    grunt_orc_cross, layout_caves, serial_shops, shop

Skill      XL: |  1  2  3  4  5  6  7  8  9 10 11 12 13 14 15 16 17 18 |
---------------+-------------------------------------------------------+-----
Fighting       | 3 4 5 9 10 12 13 15 | 15.0
Charms         | 3 4 6 |  6.0
Hexes          | 1 2 3 4 5 7 8 |  8.0
Spellcasting   | 3 4 5 7 8 |  8.0
Evocations     | 3 4 |  4.0
Dodging        | 3 6 9 |  9.0
Invocations    | 1 5 6 8 10 11 | 11.9
Short Blades   | 1 |  1.8
Maces & Flails | 6 10 12 | 12.4
Ice Magic      | 7 |  7.0
Earth Magic    | 4 9 10 | 10.2
Transmutations | 4 9 10 | 10.2

Action                   |  1- 3 |  4- 6 |  7- 9 | 10-12 | 13-15 | 16-18 || total
-------------------------+-------+-------+-------+-------+-------+-------++-------
Melee: Mace              |   111 |    59 |       |   415 |   401 |   563 ||  1549
       Short sword       |       |   124 |   183 |   101 |       |       ||   408
       Kick              |       |       |       |   128 |    74 |       ||   202
       Eveningstar       |       |       |       |       |       |   559 ||   559
 Cast: Infusion          |    12 |    17 |    14 |     5 |       |     3 ||    51
       Shroud of Golubri |       |     2 |    13 |    17 |    13 |     3 ||    48
       Spectral Weapon   |       |       |    10 |    49 |    41 |   111 ||   211
       Confusing Touch   |       |       |       |     8 |     1 |     1 ||    10
       Frozen Ramparts   |       |       |       |       |    17 |    28 ||    45
       Statue Form       |       |       |       |       |       |     9 ||     9
Invok: Stomp             |       |       |       |     2 |       |     3 ||     5
       Grand Finale      |       |       |       |       |     1 |     2 ||     3
Evoke: Wand              |       |       |     8 |    13 |       |    25 ||    46
       Phial of floods   |       |       |       |       |       |     2 ||     2
       Tin of tremorston |       |       |       |       |       |     1 ||     1
  Use: Scroll            |       |     1 |     7 |    13 |     2 |    19 ||    42
       Potion            |       |       |       |     4 |     3 |     8 ||    15
 Stab: Paralysed         |       |       |     2 |    15 |    31 |    82 ||   130
       Confused          |       |       |       |     6 |       |       ||     6
       Distracted        |       |       |       |     1 |     4 |     8 ||    13
       Petrified         |       |       |       |       |       |     1 ||     1
       Sleeping          |       |       |       |       |       |     1 ||     1
  Eat: Chunk             |     3 |     9 |     7 |    26 |     8 |    36 ||    89
       Ration            |       |       |     2 |     3 |     4 |     9 ||    18
Armor: Robe              |    33 |    54 |    24 |       |       |    60 ||   171
       Swamp dragon scal |       |       |    13 |   168 |    88 |    84 ||   353
       Skin              |       |       |       |       |       |   111 ||   111
Dodge: Dodged            |    71 |    96 |   104 |   277 |   226 |   856 ||  1630
       Repelled          |       |       |       |     6 |       |    90 ||    96

Table legend:
 A = Non-vault XP
 B = Vault XP
 C = Vault XP percentage of total XP
 D = Non-vault monster count
 E = Vault monster count
 F = Vault count percentage of total count
                 A         B        C        D         E       F
            +---------+---------+-------+---------+---------+-------
      Total |  139853 |   57467 |  29.1 |     658 |     193 |  22.7
            +---------+---------+-------+---------+---------+-------
        D:1 |      40 |       0 |   0.0 |      22 |       0 |   0.0
        D:2 |      50 |       0 |   0.0 |      20 |       0 |   0.0
        D:3 |     120 |      26 |  17.8 |      21 |       6 |  22.2
        D:4 |     320 |     220 |  40.7 |      13 |       2 |  13.3
        D:5 |     575 |       0 |   0.0 |      20 |       0 |   0.0
        D:6 |     481 |       0 |   0.0 |      21 |       0 |   0.0
        D:7 |    1022 |    2641 |  72.1 |      16 |       9 |  36.0
        D:8 |    1056 |       0 |   0.0 |      22 |       0 |   0.0
        D:9 |    3026 |       0 |   0.0 |      18 |       0 |   0.0
       D:10 |    1349 |    2807 |  67.5 |      26 |      25 |  49.0
       D:11 |    5760 |     968 |  14.4 |      31 |       5 |  13.9
       D:12 |    5198 |       0 |   0.0 |      39 |       0 |   0.0
       D:13 |    7654 |       0 |   0.0 |      37 |       0 |   0.0
       D:14 |    9932 |    9459 |  48.8 |      31 |      12 |  27.9
       D:15 |    5492 |    7846 |  58.8 |      16 |      10 |  38.5
     Lair:1 |    3994 |     567 |  12.4 |      21 |       2 |   8.7
     Lair:2 |    3334 |     489 |  12.8 |      15 |       3 |  16.7
     Lair:3 |    5367 |     871 |  14.0 |      14 |       1 |   6.7
     Lair:4 |    5135 |     448 |   8.0 |      23 |       4 |  14.8
     Lair:5 |    5339 |       0 |   0.0 |      19 |       0 |   0.0
     Lair:6 |   13076 |   14759 |  53.0 |      46 |      31 |  40.3
    Snake:1 |   16597 |    3385 |  16.9 |      28 |       5 |  15.2
    Snake:2 |   23449 |       0 |   0.0 |      44 |       0 |   0.0
    Snake:3 |   16781 |    1470 |   8.1 |      26 |       1 |   3.7
      Orc:1 |    2506 |    3478 |  58.1 |      26 |       7 |  21.2
      Orc:2 |    2200 |    5304 |  70.7 |      43 |      30 |  41.1
     Bailey |       0 |    2729 | 100.0 |       0 |      40 | 100.0
            +---------+---------+-------+---------+---------+-------
